 Dungeon Crawl Stone Soup version 0.30-a0-137-gd8773701ce (webtiles) character file.

Game seed: 7669654781795619808

4 Girdio the Sneak (level 1, 0/12 HPs)
             Began as a Kobold Brigand on Sept 24, 2022.
             Slain by a jackal (2 damage)
             ... on level 1 of the Dungeon.
             The game lasted 00:01:07 (182 turns).

Girdio the Sneak (Kobold Brigand)                    Turns: 182, Time: 00:01:07

Health: 0/12       AC:  3    Str:  8    XL:     1   Next: 66%
Magic:  1/1        EV: 14    Int: 12    God:
Gold:   0          SH:  0    Dex: 16    Spells: 0/0 levels left

rFire   . . .      SeeInvis +    a - +2 dagger
rCold   . . .      Faith    .    (no shield)
rNeg    . . .      Spirit   .    b - +0 robe
rPois   .          Reflect  .    (no helmet)
rElec   .          Harm     .    c - +0 cloak
rCorr   .          Rampage  .    (no gloves)
Will    .....                    (no boots)
Stlth   ++++......               (no amulet)
HPRegen 0.04/turn                g - ring of see invisible
MPRegen 0.07/turn                h - ring of wizardry

@: no status effects
A: small, no large weapons, nightstalker 3
a: no special abilities


You were on level 1 of the Dungeon.
You visited 1 branch of the dungeon, and saw 1 of its levels.

Inventory:

Hand Weapons
 a - a +2 dagger (weapon)
Missiles
 d - 9 poisoned darts (quivered)
 e - 3 curare-tipped darts
Armour
 b - a +0 robe (worn)
 c - a +0 cloak (worn)
 f - an orb of guile
Jewellery
 g - a ring of see invisible (left hand)
 h - a ring of wizardry (right hand)
Scrolls
 i - a scroll of enchant weapon {unknown}
 j - a scroll of fear {unknown}
 k - a scroll of amnesia {unknown}


   Skills:
 + Level 2.1 Fighting
 + Level 2.6 Short Blades
 + Level 2.3 Throwing
 + Level 1.2 Dodging
 + Level 5.5 Stealth


You couldn't memorise any spells.
You didn't know any spells.
Your spell library was empty.

Dungeon Overview and Level Annotations

Branches:
Dungeon (1/15)

Altars:


Innate Abilities, Weirdness & Mutations

You are small and have problems with some larger weapons.
You are completely attuned to the shadows.


Message History

You hit the hobgoblin.
You kill the hobgoblin!
j - a scroll labelled SUQAOJIALL
k - a scroll labelled KOXYLE BUMIOG A jackal comes into view.
A jackal is nearby!
A jackal comes into view.
A jackal comes into view.
Found a bubbling coppery potion.
The helpless jackal fails to defend itself.
You impale the jackal!!
You kill the jackal!
You see here a jackal corpse.
The jackal barks! x2; You hear an angry hiss.
A jackal comes into view.
A rat comes into view.
The jackal closely misses you.
The jackal barks!
You hear an angry hiss.
The jackal completely misses you.
You see here a jackal corpse.
The jackal bites you.
The jackal bites you but does no damage.
You miss the jackal.
A frilled lizard comes into view.
The jackal closely misses you. The jackal misses you.
The jackal closely misses you. The jackal bites you. The jackal misses you.
The jackal closely misses you.
You hit the jackal but do no damage.
The jackal bites you but does no damage.
The jackal barely misses you.
You barely miss the jackal. The jackal bites you. The jackal barely misses you.
A goblin comes into view. It is wielding a +0 club.
You hit the jackal but do no damage. The jackal closely misses you.
The jackal misses you. The jackal closely misses you. The jackal bites you.
You closely miss the jackal. The jackal misses you. x2
You closely miss the jackal. The jackal barely misses you.
The jackal bites you. The jackal attacks as you move away!
The jackal bites you.
* * * LOW HITPOINT WARNING * * *
The jackal closely misses you. The jackal bites you.
You die...

###### #############
.....# #............
....g########.##########.
....†r.h@.....# #.......
.....#lhh.....####.#####.
....!##.####...........##
.....###.# #.......###.##
.....# ............##.##
...### ###..###.#.##.##
...# #.#.##.## ##.#.##.##
#.........


You could see 3 jackals, a goblin, a frilled lizard and a rat.

Vanquished Creatures
  A hobgoblin (D:1)
  A jackal (D:1)
  2 frilled lizards (D:1)
4 creatures vanquished.

Notes
Turn   | Place    | Note
-------+----------+-------------------------------------------
     0 | D:1      | Girdio the Kobold Brigand began the quest for the Orb.
     0 | D:1      | Reached XP level 1. HP: 12/12 MP: 1/1
   182 | D:1      | Slain by a jackal

Illustrated notes

Levels and vault maps discovered:
D:1:      psy_arrival_basics, layout_loops_ring

Action                   || total
-------------------------++-------
Melee: Dagger            ||    12
 Stab: Sleeping          ||     3
Armor: Robe              ||     2
Dodge: Dodged            ||    18

Table legend: (Time is in decaauts)
 A = Elapsed time spent in this place.
 B = Non-inter-level travel time spent in this place.
 C = Inter-level travel time spent in this place.
 D = Time resting spent in this place.
 E = Time spent auto-exploring this place.
 F = Levels seen in this place.
 G = Mean time per level.
                   A        B        C        D        E       F      G
               +--------+--------+--------+--------+--------+-----+--------+
         Total |    179 |    179 |      0 |      0 |    118 |   1 |  179.0 |
       Dungeon |    179 |    179 |      0 |      0 |    118 |   1 |  179.0 |
               +--------+--------+--------+--------+--------+-----+--------+

Top non-repeatable levels by time:
     D:1: 179 daAuts
